 Dungeon Crawl Stone Soup version 0.27.1-33-g824d729ab1 (webtiles) character file.

Game seed: 8973746219223458833

6634 halfoni the Cleaver (level 11, -4/83 HPs)
             Began as a Human Berserker on Dec 21, 2021.
             Was an Elder of Trog.
             Slain by Erica (6 damage)
             ... on level 10 of the Dungeon.
             The game lasted 00:25:35 (13949 turns).

halfoni the Cleaver (Human Berserker)              Turns: 13949, Time: 00:25:36

Health: -4/83      AC: 19    Str: 27    XL:     11   Next: 22%
Magic:  11/11      EV:  5    Int:  8    God:    Trog [****..]
Gold:   283        SH: 15    Dex: 12    Spells: 10/10 levels left

rFire    . . .     SeeInvis .   l - +1 broad axe
rCold    . . .     Faith    .   B - +0 tower shield
rNeg     . . .     Spirit   .   m - +0 plate armour
rPois    .         Reflect  .   z - +1 helmet
rElec    .         Harm     .   J - scarf {repulsion}
rCorr    .         Rampage  .   (no gloves)
Will     .....                  (no boots)
Stlth    ..........             (no amulet)
HPRegen  0.23/turn              w - +6 ring of strength
MPRegen  0.12/turn              c - +4 ring of protection

@: lethally poisoned (-4 -> -13), on berserk cooldown, slowed, repel missiles,
very slow
A: no striking features
a: Renounce Religion, Berserk, Trog's Hand, Brothers in Arms


You were on level 10 of the Dungeon.
You worshipped Trog.
Trog was greatly pleased with you.
You visited 1 branch of the dungeon, and saw 10 of its levels.

You collected 439 gold pieces.
You spent 156 gold pieces at shops.

Inventory:

Hand Weapons
 l - a +1 broad axe (weapon)
 H - the +11 spear "Boklapt" {elec, rCorr}
   (You found it on level 9 of the Dungeon)

   It occasionally discharges a powerful burst of electricity upon striking a
   foe.
   rCorr:     It protects you from acid and corrosion.
Missiles
 s - 3 throwing nets (quivered)
Armour
 b - a +2 leather armour of willpower
 m - a +0 plate armour (worn)
 z - a +1 helmet (worn)
 B - a +0 tower shield (worn)
 J - a scarf of repulsion (worn)
Magical Staves
 g - a staff of conjuration
Jewellery
 c - a +4 ring of protection (right hand)
 f - a ring of protection from fire
 j - a ring of protection from fire
 k - a ring of magical power
 w - a +6 ring of strength (left hand)
 D - a ring of see invisible
Wands
 i - a wand of polymorph (3)
 q - a wand of flame (11)
 C - a wand of iceblast (6)
Scrolls
 n - 4 scrolls of identify
 t - a scroll of silence
 x - a scroll of holy word {unknown}
 y - a scroll of fog
 A - 3 scrolls of teleportation
 F - 3 scrolls of enchant armour
 G - a scroll of magic mapping {unknown}
 I - a scroll of enchant weapon
Potions
 a - 3 potions of haste {unknown}
 d - a potion of attraction
 e - 2 potions of heal wounds {unknown}
 h - 3 potions of might {unknown}
 o - a potion of cancellation {unknown}
 p - a potion of brilliance {unknown}
 r - a potion of curing {unknown}
 u - a potion of magic {unknown}
 v - a potion of berserk rage {unknown}
Miscellaneous
 E - a condenser vane


   Skills:
 + Level 6.6 Fighting
 * Level 11.7 Axes
 + Level 7.4 Armour
 + Level 5.7 Dodging
 * Level 4.5 Shields


You had 10 spell levels left.
You didn't know any spells.
Your spell library was empty.

Dungeon Overview and Level Annotations

Branches:
Dungeon (10/15)            Temple (0/1) D:6            Lair (0/6) D:9
    Orc: D:9-12

Altars:
Sif Muna

Shops:
D:2 *   D:4 :   D:5 (   D:9 [

Annotations:
D:9 3 runed translucent doors, jjjjhere's ghost, novice TrAr
D:10 Erica


Message History

You miss something.
You are no longer berserk.
You are exhausted.
You feel yourself slow down.
You hear some strange, mumbled words.
A lance of force appears from out of thin air!
The lance of force hits you!!
You are knocked back by the lance of force.
A centaur warrior zombie comes into view.
Something hits you but does no damage.
You miss something.
You hear some strange, mumbled words.
A bolt of poison appears from out of thin air!
The bolt of poison hits you.
You are poisoned.
You hear some strange, mumbled words.
A bolt of poison appears from out of thin air!
The bolt of poison hits you!
You are more poisoned.
You feel extremely sick.
You hear some strange, mumbled words.
Something tries to affect you, but you resist.
You feel very sick.
You hear some strange, mumbled words.
You feel as though you will be slow longer.
The centaur warrior zombie hits you.
The centaur warrior zombie kicks you but does no damage.
Something hits you!
* * * LOW HITPOINT WARNING * * *
Something burns you.
* * * LOW HITPOINT WARNING * * *
There is a stone staircase leading up, spattered with blood here.
You feel very sick.
The centaur warrior zombie hits you but does no damage.
You block the centaur warrior zombie's attack. x2
The centaur warrior zombie barely misses you.
Something hits you!
* * * LOW HITPOINT WARNING * * *
Something burns you.
You die...

#..# #..#.# #.....
...... #.##.# #
#.##.# .###. #.##.#
#
.....!###Z##.##..###
........@{..........
#.##.###.######...##
#.# .# #.# #.# #.#
#.. ..#


You could see a centaur warrior zombie.

Vanquished Creatures
  Harold (D:7)
  Pikel (D:8)
  Joseph (D:9)
  Psyche (D:8)
  Maggie (D:8)
  A komodo dragon (D:9)
  3 slime creatures (D:9)
  Prince Ribbit (D:7)
  A wraith (D:9)
  Eustachio (D:5)
  5 yaks (D:9)
  2 water moccasins
  An acid dragon (D:9)
  Duvessa (D:7)
  A sky beast (D:6)
  2 orc warriors
  2 necrophages
  An ice beast (D:6)
  An ogre (D:6)
  2 centaurs (D:7)
  2 bullfrogs
  Dowan (D:7)
  3 killer bees (D:9)
  2 electric eels (D:7)
  4 centaur zombies
  3 hounds
  2 centaur skeletons
  7 orc priests
  Jessica (D:2)
  Ijyb (D:5)
  Terence (D:3)
  5 iguanas
  5 orc wizards
  A hound zombie (D:5)
  A hound skeleton (D:5)
  A howler monkey zombie (D:6)
  5 adders
  4 gnolls (D:5)
  A white imp (D:6)
  2 worms
  4 dart slugs
  15 orcs
  8 endoplasms
  3 giant cockroaches
  7 goblins
  10 hobgoblins
  6 jackals
  3 kobolds
  4 quokkas
  5 ball pythons
  6 bats
  6 frilled lizards
  2 rats
161 creatures vanquished.

Vanquished Creatures (others)
  4 fungi (D:5)
  6 plants (D:9)
10 creatures vanquished.

Grand Total: 171 creatures vanquished

Notes
Turn   | Place    | Note
-------+----------+-------------------------------------------
     0 | D:1      | halfoni the Human Berserker began the quest for the Orb.
     0 | D:1      | Reached XP level 1. HP: 18/18 MP: 1/1
   365 | D:1      | Reached XP level 2. HP: 24/24 MP: 2/2
   715 | D:1      | Reached XP level 3. HP: 25/29 MP: 3/3
  1020 | D:1      | Reached ** piety under Trog
  1390 | D:2      | Found a faded altar of an unknown god.
  1640 | D:2      | Noticed Jessica
  1645 | D:2      | Killed Jessica
  1646 | D:2      | Reached skill level 4 in Axes
  1646 | D:2      | Reached XP level 4. HP: 35/35 MP: 4/4
  2187 | D:2      | Found Nohufom's General Store.
  2198 | D:2      | Reached XP level 5. HP: 41/41 MP: 5/5
  2600 | D:3      | Noticed Terence
  2607 | D:3      | Killed Terence
  2709 | D:3      | Reached XP level 6. HP: 47/48 MP: 6/6
  3209 | D:4      | Found Acve's Book Shoppe.
  3248 | D:4      | Reached skill level 5 in Axes
  3457 | D:4      | Reached *** piety under Trog
  3830 | D:5      | Entered Level 5 of the Dungeon
  3830 | D:5      | Found Piohar's Antique Weapon Emporium.
  4040 | D:5      | Noticed Eustachio
  4136 | D:5      | Killed Eustachio
  4137 | D:5      | Reached skill level 6 in Axes
  4137 | D:5      | Reached XP level 7. HP: 20/54 MP: 7/7
  5130 | D:5      | Noticed Ijyb
  5142 | D:5      | Killed Ijyb
  5612 | D:6      | Found a staircase to the Ecumenical Temple.
  5614 | D:6      | Noticed a water moccasin
  5625 | D:6      | Killed a water moccasin
  5626 | D:6      | Reached skill level 7 in Axes
  5626 | D:6      | Reached XP level 8. HP: 61/61 MP: 8/8
  6157 | D:6      | Reached skill level 8 in Axes
  6835 | D:7      | Noticed Dowan
  6836 | D:7      | Noticed Duvessa
  6856 | D:7      | Killed Dowan
  6858 | D:7      | Killed Duvessa
  6859 | D:7      | Reached skill level 5 in Armour
  7024 | D:7      | Reached XP level 9. HP: 58/67 MP: 9/9
  7027 | D:7      | Reached skill level 5 in Fighting
  7517 | D:7      | Reached skill level 9 in Axes
  7970 | D:7      | Noticed Harold
  8084 | D:7      | Killed Harold
  9115 | D:7      | Noticed Prince Ribbit
  9314 | D:7      | Killed Prince Ribbit
  9315 | D:7      | Reached skill level 10 in Axes
  9315 | D:7      | Reached XP level 10. HP: 76/76 MP: 10/10
  9938 | D:8      | Reached **** piety under Trog
 10004 | D:8      | Noticed Pikel
 10022 | D:8      | Killed Pikel
 10023 | D:8      | Reached skill level 5 in Dodging
 10023 | D:8      | Reached skill level 1 in Shields
 10644 | D:8      | Noticed Maggie
 10660 | D:8      | Killed Maggie
 11242 | D:8      | Noticed Psyche
 11278 | D:8      | Killed Psyche
 12018 | D:9      | Noticed an ice devil
 12023 | D:9      | Noticed jjjjhere's ghost (novice TrAr)
 12187 | D:9      | Found a runed translucent gate.
 12187 | D:9      | Found a runed translucent gate.
 12187 | D:9      | Found a runed translucent gate.
 12213 | D:9      | Found a staircase to the Lair.
 12214 | D:9      | Noticed a komodo dragon
 12234 | D:9      | Killed a komodo dragon
 12674 | D:9      | Identified the +11 spear "Boklapt" {elec, rCorr}
 12811 | D:9      | Found a shimmering blue altar of Sif Muna.
 12885 | D:9      | Noticed Joseph
 12918 | D:9      | Killed Joseph
 12919 | D:9      | Reached skill level 11 in Axes
 13120 | D:9      | Reached XP level 11. HP: 79/83 MP: 11/11
 13692 | D:9      | Found Ligocay's Armour Emporium.
 13702 | D:9      | Bought a scarf of repulsion for 156 gold pieces
 13924 | D:10     | Entered Level 10 of the Dungeon
 13924 | D:10     | Noticed Erica
 13949 | D:10     | HP: 2/83 [something (13)]
 13949 | D:10     | Slain by Erica

Illustrated notes

Levels and vault maps discovered:
D:1:      dpeg_arrival_lava_temple_mockup, layout_loops_corners
D:2:      layout_loops_cross, serial_shops, shop, ebering_ecumenical_altar_box,
          uniq_jessica
D:3:      layout_basic, kennysheep_cluttered_room, due_unseen_surprise,
          uniq_terence
D:4:      layout_cave_pools, serial_shops, nicolae_diamond_shop
D:5:      layout_basic, serial_aquarium, aquarium_bridge_square
          [aquarium_subvault_bridge, aquarium_subvault_window,
          aquarium_subvault_bridge, aquarium_subvault_balcony],
          aquarium_window_2, aquarium_window_corner, aquarium_view_2d,
          aquarium_view_2f, aquarium_balcony_5b, aquarium_pool_2, serial_shops,
          nicolae_stop_n_shop_1, amcnicky_mini_corridor_feature, uniq_ijyb,
          uniq_eustachio
D:6:      layout_basic, minmay_temple_entry_statues_fountains
D:7:      layout_rooms, water_boxes_lemuel, uniq_duvessa, uniq_prince_ribbit1,
          uniq_harold
D:8:      layout_basic, uniq_maggie, uniq_pikel, uniq_psyche
D:9:      layout_stronghold, mainiacjoe_overflow_cross_hatched,
          david_lair_shrubbed, serial_shops, nicolae_lakefront_shop,
          gammafunk_ghost_icy, uniq_joseph
D:10:     layout_loops_ring, serial_shops, shop_fountains, uniq_erica

Skill      XL: |  1  2  3  4  5  6  7  8  9 10 11 |
---------------+----------------------------------+-----
Axes           | 4 6 7 8 10 11 | 11.7
Armour         | 3 4 5 6 7 |  7.4
Fighting       | 4 5 6 |  6.6
Dodging        | 3 4 5 |  5.7
Shields        | 3 4 |  4.5

Action                   |  1- 3 |  4- 6 |  7- 9 | 10-12 || total
-------------------------+-------+-------+-------+-------++-------
Melee: Hand axe          |    85 |    76 |       |       ||   161
       Broad axe         |       |   125 |   192 |   162 ||   479
Invok: Berserk           |     2 |     9 |     9 |    10 ||    30
  Use: Scroll            |       |     9 |       |       ||     9
       Potion            |       |     1 |       |       ||     1
 Stab: Invisible         |       |     3 |       |       ||     3
Armor: Animal skin       |     7 |       |       |       ||     7
       Ring mail         |    36 |     2 |       |       ||    38
       Chain mail        |       |    94 |       |       ||    94
       Plate armour      |       |    86 |   157 |    93 ||   336
       Skin              |       |       |       |    16 ||    16
Dodge: Dodged            |    41 |   117 |    68 |    24 ||   250
Block: Tower shield      |       |       |       |   135 ||   135
       Kite shield       |       |       |       |     6 ||     6
